Map: Nightscape LE

Players

ImissU - Winner!

  • Race: Zerg Zerg
  • Spawn Location: 7:00

KISSINGER - Winner!

  • Race: Terran Terran
  • Spawn Location: 7:00

qqq

  • Race: Zerg Zerg
  • Spawn Location: 1:00

Massa

  • Race: Terran Terran
  • League: Platinum
  • Spawn Location: 1:00

VOD

Have the link to the VOD?

Description

Time

  • Played on: Feb. 25, 2021, 2:07 p.m.
  • Length: 13:20
Show
View Real Time Build Order
Export as new Build Order

ImissU Zerg - Winner!

Build Orders: Hatch First 

Get SALT Encoding   

  12  0:00  Drone  
  13  0:14  Overlord  
  13  0:17  Drone  
  14  0:34  Drone x2  
  16  0:49  Hatchery  
  15  0:54  Drone  
  16  0:58  Drone  
  16  1:01  Drone  
  18  1:11  Extractor  
  18  1:15  Spawning Pool  
  18  1:18  Drone  
  17  1:22  Drone  
  18  1:31  Drone  
  19  1:42  Drone  
  20  2:02  Queen x2  
  20  2:03  Zergling x6  
  27  2:11  Metabolic Boost  
  27  2:12  Overlord  
  27  2:20  Drone  
  28  2:32  Drone x2  
  30  2:56  Drone x6  
  36  3:00  Hatchery  
  36  3:04  Extractor, Queen  
  36  3:07  Overlord  
  37  3:26  Zergling x14  
  44  3:30  Baneling Nest  
  44  3:33  Drone  
  44  3:57  Overlord  
  44  3:59  Overlord  
  44  4:05  Lair  
  44  4:12  Zergling x2  
  44  4:13  Zergling x10  
  50  4:17  Drone x2  
  50  4:20  Baneling x3  
  51  4:33  Drone x8  
  58  4:50  Overlord  
  57  4:56  Extractor  
  57  4:58  Drone x3, Extractor  
  58  5:00  Drone x8  
  58  5:03  Overlord x2  
  58  5:04  Extractor  
  65  5:10  Zergling x4  
  65  5:13  Drone  
  68  5:21  Drone x2  
  68  5:22  Drone  
  71  5:31  Spire  
  71  5:34  Spore Crawler  
  71  5:35  Spore Crawler  
  61  5:36  Spore Crawler, Overseer  
  61  5:39  Drone x2  
  61  5:40  Drone x3  
  61  5:42  Drone x5  
  68  5:52  Drone x3  
  71  6:10  Drone x11  
  82  6:13  Extractor x2  
  80  6:21  Overlord  
  80  6:22  Zergling x2  
  80  6:23  Zergling x2  
  80  6:35  Pneumatized Carapace  
  80  6:41  Zergling x24  
  92  6:49  Mutalisk x2  
  96  7:00  Mutalisk  
  98  7:02  Overlord x4  
  98  7:03  Zerg Flyer Weapons Level 1  
  98  7:30  Mutalisk x8  
  114  7:38  Evolution Chamber  
  114  7:39  Burrow  
  114  7:41  Mutalisk  
  114  7:42  Hatchery  
  114  7:47  Drone x6  
  120  7:58  Mutalisk x3  
  126  8:07  Spore Crawler  
  126  8:09  Mutalisk x2  
  126  8:12  Drone  
  130  8:13  Overlord x8  
  130  8:16  Zerg Melee Weapons Level 1  
  130  8:32  Mutalisk x2  
  134  8:35  Zergling x14  
  141  8:45  Mutalisk x2  
  145  8:52  Drone  
  145  8:53  Drone, Infestation Pit  
  134  9:10  Extractor  
  134  9:13  Extractor  
  134  9:14  Mutalisk x4  
  117  9:25  Drone x9  
  117  9:26  Drone x6  
  117  9:28  Queen  
  130  9:36  Mutalisk x4  
  137  9:49  Hive  
  137  9:52  Zerg Flyer Weapons Level 2  
  137  10:00  Hatchery  
  137  10:01  Mutalisk  
  138  10:10  Spore Crawler  
  137  10:15  Spine Crawler, Spore Crawler  
  137  10:16  Mutalisk x3  
  137  10:20  Zergling x24  
  153  10:38  Mutalisk x5  
  149  11:01  Zergling x16  
  149  11:02  Zergling x14  
  157  11:09  Mutalisk x3  
  145  11:17  Drone  
  145  11:18  Drone x4, Queen  
  150  11:24  Mutalisk x2  
  152  11:41  Mutalisk  
  152  11:42  Mutalisk x6  
  152  11:44  Zergling x2  
  152  11:45  Zergling x12  
  167  11:55  Mutalisk x3  
  173  12:04  Extractor  
  173  12:05  Spore Crawler  
  173  12:08  Drone x3, Extractor  
  173  12:09  Drone x8  
  181  12:18  Mutalisk x5  
  191  12:28  Hatchery  
  189  12:40  Zergling x16  
  189  12:43  Overlord x2  
Show
View Real Time Build Order
Export as new Build Order

KISSINGER Terran - Winner!

Build Orders: 2 Factory, Mech 

Get SALT Encoding   

  12  0:00  SCV  
  13  0:12  SCV  
  14  0:21  Supply Depot  
  14  0:24  SCV  
  15  0:35  Refinery  
  15  0:42  SCV  
  16  0:46  Barracks  
  16  0:54  SCV  
  17  1:06  SCV  
  18  1:18  SCV  
  19  1:30  SCV  
  20  1:39  Marine  
  21  1:42  Factory  
  21  1:43  Orbital Command  
  21  1:45  Refinery  
  21  1:57  Marine  
  21  2:00  Supply Depot  
  22  2:10  SCV  
  23  2:28  SCV  
  24  2:30  Command Center  
  24  2:35  Factory Tech Lab  
  24  2:40  SCV  
  25  2:52  SCV  
  25  2:56  Barracks Tech Lab  
  25  2:57  Siege Tank  
  29  3:04  SCV  
  30  3:06  Supply Depot  
  30  3:16  SCV  
  31  3:20  Factory  
  31  3:28  SCV  
  31  3:30  Siege Tank  
  35  3:40  SCV  
  36  3:48  Engineering Bay  
  36  3:53  SCV  
  37  4:01  Refinery x2  
  37  4:02  Siege Tank  
  40  4:12  Orbital Command  
  40  4:14  Siege Tank  
  43  4:23  SCV  
  44  4:34  Siege Tank  
  44  4:35  SCV, Supply Depot  
  44  4:38  SCV  
  49  4:46  Siege Tank  
  49  4:47  SCV  
  49  4:49  Missile Turret  
  49  4:50  SCV, Missile Turret  
  54  4:59  SCV  
  55  5:02  SCV  
  55  5:06  Siege Tank  
  59  5:11  SCV, Supply Depot  
  59  5:13  Missile Turret  
  60  5:20  SCV  
  61  5:23  Supply Depot  
  61  5:25  SCV  
  62  5:33  SCV  
  63  5:37  SCV, Sensor Tower  
  63  5:41  Supply Depot  
  64  5:45  Armory x2  
  64  5:46  SCV  
  64  5:49  SCV  
  64  5:58  SCV  
  64  6:01  SCV  
  65  6:10  SCV  
  66  6:13  SCV, Siege Tank  
  66  6:14  Siege Tank  
  72  6:23  SCV  
  73  6:25  SCV  
  73  6:27  Command Center  
  73  6:31  Factory  
  74  6:35  SCV  
  73  6:40  Missile Turret  
  73  6:43  SCV  
  73  6:45  Siege Tank  
  73  6:47  Siege Tank  
  79  6:53  Terran Vehicle And Ship Armor Level 1, Terran Vehicle Weapons Level 1  
  79  6:59  SCV  
  79  7:00  SCV  
  81  7:14  SCV  
  82  7:18  Siege Tank  
  82  7:20  SCV  
  82  7:22  Refinery, Missile Turret  
  86  7:23  Refinery  
  86  7:24  Siege Tank, Supply Depot  
  86  7:26  Supply Depot  
  89  7:30  SCV  
  89  7:31  Factory Tech Lab  
  89  7:33  SCV  
  91  7:43  SCV  
  92  7:45  SCV  
  92  7:47  Supply Depot  
  96  7:53  Missile Turret  
  96  7:55  SCV  
  96  7:57  Missile Turret  
  96  7:58  Missile Turret x2  
  100  8:06  Missile Turret  
  100  8:07  Missile Turret  
  100  8:12  Missile Turret  
  100  8:21  Thor  
  100  8:22  Missile Turret  
  100  8:29  SCV, Missile Turret  
  100  8:30  Missile Turret  
  101  8:37  Missile Turret  
  101  8:38  SCV  
  102  8:42  Hi-Sec Auto Tracking  
  102  8:43  Missile Turret  
  102  8:44  Smart Servos  
  102  8:53  Missile Turret  
  102  9:00  SCV  
  102  9:06  SCV  
  102  9:08  Orbital Command  
  103  9:12  SCV  
  103  9:14  Missile Turret  
  110  9:18  SCV  
  110  9:21  Missile Turret  
  111  9:24  SCV  
  111  9:26  Command Center  
  111  9:30  SCV  
  107  9:31  Supply Depot  
  107  9:33  Thor  
  107  9:37  SCV  
  114  9:39  SCV  
  114  9:42  SCV  
  116  10:00  Thor x2  
  128  10:11  SCV  
  129  10:15  Thor, Supply Depot  
  129  10:16  Factory, Supply Depot  
  129  10:17  Factory  
  129  10:18  Factory  
  135  10:22  Thor  
  133  10:42  Thor  
  133  10:48  SCV  
  140  10:52  Orbital Command, Missile Turret  
  140  10:56  Terran Vehicle And Ship Armor Level 2, Terran Vehicle Weapons Level 2  
  140  10:58  Neosteel Armor  
  140  11:01  Thor  
  146  11:06  Thor  
  146  11:09  Missile Turret  
  152  11:12  Factory Tech Lab x2  
  152  11:13  Factory Tech Lab, SCV  
  152  11:16  Refinery  
  152  11:17  SCV  
  148  11:20  Factory Tech Lab  
  148  11:23  Command Center  
  148  11:25  Refinery  
  148  11:32  Thor  
  136  11:33  Thor  
  136  11:35  SCV  
  136  11:36  SCV x3  
  146  11:40  Missile Turret  
  146  11:44  Missile Turret  
  146  11:47  SCV, Missile Turret  
  140  11:48  SCV x2  
  143  11:56  Thor  
  149  12:09  Thor x2  
  149  12:13  SCV  
  162  12:25  SCV  
  163  12:37  Planetary Fortress  
  163  12:44  Missile Turret  
  163  12:46  Missile Turret x2  
  163  12:48  SCV x3  
  163  12:49  SCV, Missile Turret  
  167  12:52  Refinery x2  
  167  12:53  Missile Turret x2  
  167  12:57  Missile Turret  
  173  12:58  Missile Turret  
  173  13:00  SCV  
  180  13:09  Sensor Tower  
  168  13:14  Missile Turret  
Show
View Real Time Build Order
Export as new Build Order

qqq Zerg 

Build Orders: Hatch First 

Get SALT Encoding   

  12  0:00  Drone  
  13  0:09  Drone  
  14  0:17  Overlord  
  14  0:51  Drone x2  
  14  0:56  Drone  
  14  0:57  Hatchery  
  16  1:03  Drone  
  17  1:27  Spawning Pool  
  17  1:28  Extractor  
  17  1:32  Drone x2  
  17  1:35  Drone  
  18  1:45  Drone  
  19  1:57  Drone  
  20  2:07  Overlord  
  20  2:11  Drone  
  20  2:14  Queen  
  20  2:15  Queen  
  22  2:18  Zergling x2  
  22  2:20  Drone  
  26  2:31  Drone  
  26  2:33  Overlord  
  27  2:38  Metabolic Boost  
  27  2:40  Zergling x2  
  27  2:42  Zergling x2  
  29  2:52  Drone  
  29  2:57  Zergling x2  
  31  3:03  Zergling x2  
  31  3:05  Drone  
  33  3:11  Zergling x2  
  34  3:14  Lair  
  34  3:16  Zergling x2  
  35  3:26  Zergling x2  
  36  3:31  Zergling x4  
  36  3:32  Drone, Zergling x4  
  36  3:33  Zergling x4  
  43  3:50  Drone, Roach Warren  
  43  3:54  Zergling x2  
  44  4:05  Overlord x2  
  44  4:06  Overlord  
  44  4:17  Overlord, Baneling Nest  
  44  4:22  Evolution Chamber  
  42  4:27  Evolution Chamber  
  42  4:31  Drone x2  
  42  4:32  Zergling x4  
  42  4:34  Roach x2  
  42  4:36  Drone x2  
  51  4:39  Extractor  
  41  4:57  Spire  
  41  4:59  Drone x2  
  43  5:00  Drone  
  43  5:02  Drone x2  
  43  5:03  Drone  
  46  5:08  Baneling  
  46  5:10  Baneling  
  46  5:13  Baneling  
  46  5:17  Drone x3  
  46  5:19  Drone  
  49  5:38  Drone x5  
  49  5:41  Extractor  
  53  5:43  Extractor  
  53  5:47  Spore Crawler  
  53  5:48  Drone x3  
  53  5:49  Drone x2  
  56  5:50  Drone  
  56  6:02  Drone  
  57  6:08  Hatchery  
  57  6:10  Mutalisk  
  57  6:11  Mutalisk  
  58  6:13  Mutalisk  
  58  6:15  Drone  
  62  6:24  Mutalisk, Overlord  
  64  6:28  Zerg Flyer Weapons Level 1  
  55  6:48  Mutalisk x2  
  55  6:50  Overlord  
  55  6:51  Overlord  
  59  6:55  Mutalisk  
  61  7:07  Infestation Pit  
  60  7:09  Drone x4  
  60  7:10  Drone x2  
  66  7:22  Mutalisk  
  66  7:26  Drone  
  66  7:27  Drone, Mutalisk  
  66  7:28  Drone x4  
  76  7:34  Queen  
  76  7:36  Drone x2  
  80  7:39  Spine Crawler  
  80  7:40  Spine Crawler  
  80  7:42  Spine Crawler, Spore Crawler  
  80  7:43  Spine Crawler  
  75  7:45  Mutalisk  
  75  7:47  Mutalisk  
  75  7:50  Mutalisk  
  81  8:00  Mutalisk  
  81  8:01  Drone x4  
  81  8:04  Extractor  
  87  8:05  Drone x2  
  87  8:06  Extractor  
  87  8:08  Overlord  
  87  8:17  Hive  
  87  8:23  Drone x2, Overlord  
  89  8:29  Drone x3  
  89  8:30  Mutalisk x2  
  89  8:32  Drone  
  97  8:42  Zerg Flyer Armor Level 1  
  97  9:04  Mutalisk x4  
  105  9:17  Mutalisk x2  
  95  9:28  Mutalisk  
  91  9:37  Spore Crawler x2  
  89  9:45  Viper  
  89  9:47  Viper  
  89  9:50  Drone  
  89  9:51  Drone x6  
  102  9:54  Spore Crawler  
  102  9:56  Spore Crawler  
  100  10:02  Overlord x3  
  100  10:11  Hatchery  
  99  10:14  Mutalisk, Viper  
  104  10:24  Spine Crawler x3  
  101  10:28  Drone x2  
  101  10:29  Drone, Mutalisk x3  
  101  10:30  Mutalisk  
  112  10:45  Mutalisk  
  83  11:10  Mutalisk  
  83  11:11  Mutalisk x3  
  77  11:24  Mutalisk  
  77  11:25  Roach  
  74  11:45  Viper  
  74  11:46  Mutalisk  
  79  11:47  Zergling x10  
  79  11:48  Zergling x4  
  86  12:05  Drone x3  
  82  12:21  Viper  
  82  12:22  Mutalisk x2  
  87  12:25  Overlord x5  
  84  12:41  Viper  
  84  12:42  Zergling x4  
  84  12:43  Zergling x2  
Show
View Real Time Build Order
Export as new Build Order

Massa Terran 

Build Orders: Reaper Expand, Hellion Banshee 

Get SALT Encoding   

  12  0:00  SCV  
  13  0:12  SCV  
  14  0:19  Supply Depot  
  14  0:25  SCV  
  15  0:40  SCV  
  15  0:42  Barracks  
  16  0:46  Refinery  
  16  0:52  SCV  
  17  1:11  SCV  
  18  1:24  SCV  
  19  1:34  Reaper  
  19  1:37  Orbital Command  
  20  1:45  Command Center  
  20  1:55  Supply Depot  
  20  2:05  SCV  
  21  2:15  Factory  
  21  2:19  Marine  
  22  2:49  SCV  
  22  2:51  Barracks Reactor  
  22  3:00  Command Center  
  22  3:01  Orbital Command  
  22  3:03  Hellion  
  22  3:04  SCV  
  25  3:09  Refinery  
  25  3:14  Starport  
  25  3:16  SCV  
  26  3:22  Supply Depot  
  26  3:24  Hellion  
  28  3:27  Marine  
  28  3:29  Marine  
  28  3:32  SCV  
  31  3:41  Engineering Bay  
  31  3:45  Marine  
  31  3:47  Marine  
  33  3:52  Hellion  
  33  3:53  Starport Tech Lab  
  35  3:58  SCV x2  
  37  4:10  SCV x2  
  39  4:18  Banshee  
  39  4:19  Cloaking Field  
  39  4:22  Barracks Tech Lab  
  42  4:26  Missile Turret  
  42  4:30  Terran Infantry Weapons Level 1  
  42  4:31  Missile Turret  
  42  4:32  Hellion  
  42  4:34  Hellion  
  44  4:59  Hellion  
  48  5:00  Hellion  
  48  5:04  Banshee  
  51  5:10  SCV x2  
  53  5:15  Orbital Command  
  53  5:17  Marine  
  53  5:20  Stimpack  
  53  5:21  Hellion x2  
  58  5:22  SCV x2  
  60  5:40  Marine  
  60  5:42  Hellion x2  
  65  5:47  Banshee  
  65  6:41  Marauder  
  65  6:42  Hellion  
  69  6:48  Hellion  
  69  6:53  SCV  
  69  7:00  Supply Depot  
  69  7:01  Supply Depot  
  69  7:06  Barracks  
  69  7:10  Barracks  
  69  7:11  SCV x3, Marauder  
  69  7:15  Barracks  
  62  7:18  Barracks  
  62  7:19  Medivac  
  64  7:26  Barracks  
  64  7:27  Factory Tech Lab, Combat Shield  
  64  7:32  Marine  
  64  7:33  SCV x3  
  68  7:42  Refinery x2  
  68  7:45  SCV x3  
  68  7:46  Siege Tank  
  68  7:49  Medivac  
  68  7:50  Marine  
  77  7:58  SCV x2  
  77  7:59  SCV  
  77  8:01  Terran Infantry Armor Level 1  
  77  8:05  Armory  
  80  8:06  Engineering Bay  
  80  8:07  Barracks Reactor, Barracks Tech Lab  
  80  8:09  Orbital Command  
  80  8:18  Siege Tank  
  83  8:25  Barracks Tech Lab  
  83  8:32  SCV x2  
  85  9:02  Refinery  
  85  9:03  Refinery  
  85  9:06  Siege Tank  
  85  9:10  SCV x2  
  85  9:12  SCV  
  67  9:22  SCV  
  67  9:23  SCV  
  67  9:24  Marauder, Marine  
  67  9:25  Marauder x2, Marine  
  67  9:27  Barracks Reactor, Missile Turret x2  
  67  9:30  Medivac  
  71  9:36  Missile Turret  
  71  9:37  Missile Turret  
  71  9:38  Missile Turret, Siege Tank  
  65  9:39  Missile Turret  
  65  9:42  Marine  
  65  9:43  Marine  
  72  9:45  Marine  
  72  9:46  Marauder x2, Missile Turret  
  72  9:49  Missile Turret  
  72  9:51  Concussive Shells  
  75  9:53  Terran Infantry Weapons Level 2  
  75  10:00  Marine, Medivac  
  75  10:01  Command Center  
  78  10:10  Siege Tank  
  78  10:12  Marauder x2  
  85  10:20  Supply Depot x2  
  85  10:21  Supply Depot  
  85  10:22  Supply Depot x3  
  85  10:24  Marine x4, Supply Depot  
  85  10:25  Marauder  
  91  10:33  Marauder x2  
  95  10:42  Marine x4  
  96  10:46  Marauder, Supply Depot  
  96  10:47  Supply Depot  
  96  10:48  Supply Depot x2  
  96  10:54  Marauder  
  96  10:55  Marauder  
  94  11:00  Marine x4  
  85  11:05  Medivac  
  85  11:08  Marauder  
  83  11:16  Marauder x2  
  83  11:17  SCV x2  
  83  11:18  SCV, Marine x2  
  92  11:30  SCV x2  
  90  11:35  Marauder, Marine x4, Medivac  
  90  11:36  Siege Tank  
  90  11:37  Marauder  
  95  11:48  Marauder  
  95  11:53  Marine x4  
  99  11:54  SCV x3  
  99  11:56  Marauder  
  99  11:58  Marine  
  105  12:06  SCV x3, Raven  
  110  12:08  Siege Tank  
  110  12:09  Marine  
  114  12:16  Starport  
  114  12:20  Starport  
  114  12:35  Barracks Reactor, Barracks Tech Lab  
  114  12:40  Siege Tank  
  117  12:49  Barracks Tech Lab  
  117  12:50  Barracks Reactor, Barracks Tech Lab  
  116  12:51  SCV  
  116  12:52  SCV x3  
  116  12:56  Missile Turret  
  116  12:58  Missile Turret  
  120  13:03  SCV  
  83  13:15  Missile Turret  
  66  13:20  Missile Turret  
Tags
 
Add a new tag
Caveats
  • Supply blocks, unpowered buildings, or Contaminate may cause inaccurate times.
  • Supply counts are checked every 10 seconds.